 Dungeon Crawl Stone Soup version 0.26-a0-651-gb41185065b (webtiles) character file.

Game seed: 14850825580401239409

(classic levelgen) 1001 EnegeticOcto the Cleaver (level 8, -5/69 HPs)
             Began as a Deep Dwarf Delver on Oct 23, 2020.
             Was an Initiate of Makhleb.
             Slain by a two-headed ogre
             ... wielding a +0 giant club
              (17 damage)
             ... on level 7 of the Dungeon.
             The game lasted 00:02:40 (414 turns).

EnegeticOcto the Cleaver (Deep Dwarf Delver)         Turns: 414, Time: 00:02:41

Health: -5/69      AC:  4    Str: 16    XL:     8   Next: 0%
Magic:  5/5        EV: 12    Int: 13    God:    Makhleb [......]
Gold:   79         SH:  0    Dex: 20    Spells: 7/7 levels left

rFire    . . .     SeeInvis .   a - +0 hand axe
rCold    . . .     Faith    .   (no shield)
rNeg     . . .     Spirit   .   b - +0 leather armour
rPois    .         Reflect  .   (no helmet)
rElec    .         Harm     .   (no cloak)
rCorr    .         Rampage  .   j - +0 pair of gloves
MR       +....                  (no boots)
Stlth    +++.......             (no amulet)
HPRegen  0.00/turn              k - +6 ring of dexterity
MPRegen  0.09/turn              (no ring)

@: non-regenerating
A: damage resistance, heal wounds, sense surroundings 1, no regeneration
a: Heal Wounds, Renounce Religion


You were on level 7 of the Dungeon.
You worshipped Makhleb.
Makhleb was noncommittal.
You visited 2 branches of the dungeon, and saw 6 of its levels.

You collected 79 gold pieces.

Inventory:

Hand Weapons
 a - a +0 hand axe (weapon)
Armour
 b - a +0 leather armour (worn)
 j - a +0 pair of gloves (worn)
Jewellery
 k - a +6 ring of dexterity (left hand)
Wands
 g - a wand of digging (2) {@v3}
Scrolls
 c - 2 scrolls of fog
 e - a scroll of fear
 h - 2 scrolls of identify {@r1}
Potions
 f - a potion of haste {@q4}
 i - a potion of ambrosia


   Skills:
 + Level 3.5 Fighting
 * Level 9.5 Axes
 - Level 2.1 Dodging
 - Level 6.0 Stealth
 + Level 3.1 Invocations


You had 7 spell levels left.
You didn't know any spells.
Your spell library contained the following spells:

 Spells                   Type           Power        Failure   Level
 Shock                    Conj/Air       #...         36%         1
 Swiftness                Air            #.......     50%         2
 Static Discharge         Conj/Air       #.......     75%         3
 Airstrike                Air            #.........   98%         4
 Lightning Bolt           Conj/Air       #.........   100%        5


Dungeon Overview and Level Annotations

Branches:
Dungeon (7/15)             Temple (1/1) D:7

Altars:
Cheibriados
Dithmenos
Elyvilon
Gozag
Makhleb
Okawaru
Qazlal
Sif Muna
Trog
Vehumet
Wu Jian
Xom
Zin
The Shining One


Innate Abilities, Weirdness & Mutations

You are resistant to damage.
You can heal yourself by infusing magical energy.
You passively map a small area around you.
You do not regenerate.


Message History

Pikel burns you. The lemure closely misses you.
You hit Pikel but do no damage.
Pikel is heavily wounded.
You hit the lemure. Pikel closely misses you.
You feel much better. The lemure hits you.
Pikel hits you with a +1 whip of flaming.
Pikel burns you.
You completely miss Pikel.
Pikel is heavily wounded.
You closely miss the lemure. The lemure hits you!
You hit Pikel but do no damage.
Pikel is heavily wounded.
You hit the lemure but do no damage. Pikel barely misses you.
The lemure barely misses you.
You hit Pikel but do no damage.
Pikel is heavily wounded.
You hit the lemure.
Pikel hits you with a +1 whip of flaming.
Pikel burns you. The lemure hits you!
You slash Pikel!
Pikel is severely wounded.
You barely miss the lemure.
Pikel says, "Time is money, and you're costing me too much!"
Pikel hits you with a +1 whip of flaming.
Pikel burns you. The lemure hits you but does no damage.
You completely miss Pikel.
Pikel is severely wounded.
You hit the lemure but do no damage.
Pikel hits you with a +1 whip of flaming.
Pikel burns you. The lemure hits you.
You hit Pikel.
Pikel is severely wounded.
You hit the lemure.
Pikel hits you with a +1 whip of flaming.
Pikel burns you. The lemure hits you but does no damage.
You hit Pikel but do no damage.
Pikel is severely wounded.
You barely miss the lemure. You hit Pikel but do no damage.
Pikel is severely wounded.
You hit the lemure. Pikel barely misses you. The lemure closely misses you.
You closely miss Pikel.
Pikel is severely wounded.
You hit the lemure but do no damage.
Pikel hits you with a +1 whip of flaming.
Pikel burns you. The lemure hits you!
You completely miss Pikel.
Pikel is severely wounded.
You hit the lemure. Pikel barely misses you. The lemure hits you!
You are too injured to fight recklessly!
You feel much better.
Pikel says, "You'll freeze in Cocytus!"
Pikel barely misses you. The lemure hits you.
You hit the lemure.
The lemure is almost dead.
You hit Pikel.
Pikel hits you with a +1 whip of flaming.
Pikel burns you. The lemure hits you but does no damage.
You hit Pikel but do no damage.
Pikel is almost dead.
You hit the lemure.
You kill the lemure!
That felt strangely unrewarding.
Pikel closely misses you.
You hit Pikel.
Pikel is almost dead.
Pikel hits you but does no damage.
You hit Pikel but do no damage.
Pikel is almost dead.
Pikel barely misses you.
You hit Pikel.
You kill Pikel!
Makhleb accepts your kill.
Your Fighting skill increases to level 3!
Your Axes skill increases to level 9!
Your Invocations skill gained 3 levels and is now at level 3!
You have reached level 8!
You feel clever.
Things that are here:
a +1 whip of flaming; a +0 robe; the big kobold corpse of Pikel
There is a staircase back to the Dungeon here.
You climb upwards.
The two-headed ogre closely misses you.
The two-headed ogre hits you with a cursed -2 giant spiked club!!
There is a staircase to the Ecumenical Temple, spattered with blood here.
Your magical essence is drained by the effort!
You feel much better.
The two-headed ogre hits you with a +0 giant club!!
The two-headed ogre hits you with a cursed -2 giant spiked club.
You are too injured to fight recklessly!
Your magical essence is drained by the effort!
You feel much better.
The two-headed ogre hits you with a +0 giant club!
The two-headed ogre barely misses you.
You hit the two-headed ogre.
The two-headed ogre is lightly wounded.
You barely miss the two-headed ogre.
The two-headed ogre is lightly wounded.
The two-headed ogre hits you with a +0 giant club!!
* * * LOW HITPOINT WARNING * * *
The two-headed ogre hits you with a cursed -2 giant spiked club!!
You die...

**,..#*,,,,****.#*,,,,,,,,,**
***...,,,** *.....,,,,,,,,*
**..,*** ##.#..#**,**,,** *#.**
#.....# ***,,,******
#.######.#.#.## *,>,*,,,,*
#..#..........###*,,,,,,,,,
*#......#.⌠.#...#,,,,,,,,,,
#....#.......#...,,,,,,,,,
#########.#...⌠O@.⌠...#,,,,,,,,,,
#......##...#.......#...,,,,,,,,,
#.............#.⌠.#.....,,,,,,,,,
*#......................,,,,,,,,,
#.....†.......#.#......,,,,,,,,,
#.......†.........#....,,,,,,,,*
#..............#.##....,,,,,,,**
##...............#**..,,,,,,,**
#..............## *,,,,,,,,** *


You could see a two-headed ogre.

Vanquished Creatures
  Pikel (Temple)
  A black bear (D:7)
  A sky beast (D:7)
  An ogre (D:7)
  A centaur (D:7)
  A lemure (Temple)
  A scorpion (D:7)
  A howler monkey (D:7)
  A centaur skeleton (D:7)
  A bullfrog skeleton (D:4)
  2 worker ants
  An adder (D:5)
  An ufetubus (D:5)
  A leopard gecko skeleton (D:7)
15 creatures vanquished.

Notes
Turn   | Place    | Note
-------+----------+-------------------------------------------
     0 | D:5      | EnegeticOcto the Deep Dwarf Delver began the quest for the
                  | Orb.
     0 | D:5      | Reached XP level 1. HP: 20/20 MP: 1/1
    27 | D:5      | Reached skill level 3 in Axes
    27 | D:5      | Reached XP level 2. HP: 21/27 MP: 2/2
    55 | D:4      | Reached skill level 4 in Axes
    55 | D:4      | Reached XP level 3. HP: 27/33 MP: 2/2
   109 | D:6      | Found an ornate altar of the Wu Jian Council.
   112 | D:6      | Noticed a scorpion
   139 | D:7      | Noticed a scorpion
   161 | D:7      | Killed a scorpion
   161 | D:7      | Reached skill level 5 in Axes
   161 | D:7      | Reached XP level 4. HP: 33/40 MP: 3/3
   183 | D:7      | Noticed an ogre
   205 | D:7      | Killed an ogre
   205 | D:7      | Reached skill level 6 in Axes
   205 | D:7      | Reached XP level 5. HP: 26/46 MP: 4/4
   242 | D:7      | Noticed a centaur
   244 | D:7      | Noticed a sky beast
   245 | D:7      | Found a radiant altar of Vehumet.
   264 | D:7      | Killed a centaur
   264 | D:7      | Reached skill level 7 in Axes
   264 | D:7      | Reached XP level 6. HP: 43/55 MP: 3/3
   273 | D:7      | Killed a sky beast
   307 | D:7      | Reached skill level 8 in Axes
   307 | D:7      | Reached XP level 7. HP: 28/61 MP: 4/4
   313 | D:7      | Found a staircase to the Ecumenical Temple.
   322 | D:7      | Noticed Pikel
   323 | D:7      | Noticed a two-headed ogre
   329 | Temple   | Entered the Ecumenical Temple
   353 | Temple   | Became a worshipper of Makhleb the Destroyer
   387 | Temple   | Killed Pikel
   387 | Temple   | Reached skill level 9 in Axes
   387 | Temple   | Reached XP level 8. HP: 52/69 MP: 4/7
   414 | D:7      | Slain by a two-headed ogre

Illustrated notes

Levels and vault maps discovered:
D:3:      layout_basic, uniq_ijyb
D:4:      layout_rooms, lemuel_doored_altar, gammafunk_temple_overflow_arena,
          tso_altar
D:5:      layout_rooms
D:6:      layout_rooms, fedhas_altar_decomposition, kennysheep_mini_moat,
          gammafunk_ghost_nasty_kobolds, uniq_prince_ribbit1, uniq_blork_the_orc
D:7:      layout_cave_pods, vehumet_crystals, minmay_temple_entry_sparse_star,
          uniq_pikel
Temple:   minmay_temple_bridge_abc

Skill      XL: |  1  2  3  4  5  6  7 |
---------------+----------------------+-----
Axes           | 3 4 5 6 7 8 9 |  9.5
Fighting       | 3 |  3.5
Invocations    | 3 |  3.1
Dodging        | |  2.1
Stealth        | |  6.0

Action                   |  1- 3 |  4- 6 |  7- 9 || total
-------------------------+-------+-------+-------++-------
Melee: Hand axe          |    38 |    71 |    38 ||   147
 Abil: Heal Wounds       |     3 |     5 |     6 ||    14
Evoke: Wand              |       |     1 |       ||     1
  Use: Scroll            |       |     2 |       ||     2
 Stab: Sleeping          |     1 |     1 |       ||     2
Armor: Leather armour    |     7 |    12 |     7 ||    26
Dodge: Dodged            |    28 |    76 |    26 ||   130

Table legend: (Time is in decaauts)
 A = Elapsed time spent in this place.
 B = Non-inter-level travel time spent in this place.
 C = Inter-level travel time spent in this place.
 D = Time resting spent in this place.
 E = Time spent auto-exploring this place.
 F = Levels seen in this place.
 G = Mean time per level.
                   A        B        C        D        E       F      G
               +--------+--------+--------+--------+--------+-----+--------+
         Total |    412 |    387 |     25 |      0 |      0 |   6 |   68.7 |
       Dungeon |    336 |    331 |      5 |      0 |      0 |   5 |   67.2 |
        Temple |     76 |     56 |     20 |      0 |      0 |   1 |   76.0 |
               +--------+--------+--------+--------+--------+-----+--------+

Top non-repeatable levels by time:
     D:7: 216 daAuts
  Temple: 76 daAuts
     D:5: 54 daAuts
     D:4: 45 daAuts
     D:6: 18 daAuts
     D:3: 1 daAuts
